 Dungeon Crawl Stone Soup version 0.16-a0-465-g631e55c (webtiles) character file.

7552 Ololoev the Grappler (level 10, -8/88 HPs)
             Began as a Troll Monk on Sept 16, 2014.
             Was a High Priest of Okawaru.
             Mangled by a komodo dragon skeleton (25 damage)
             ... on Level 10 of the Dungeon.
             The game lasted 00:39:30 (8922 turns).

Ololoev the Grappler (Troll Monk)                   Turns: 8922, Time: 00:39:30

HP  -8/88        AC  7     Str 21      XL: 10   Next: 96%
MP   4/4         EV 15     Int  6      God: Okawaru [*****.]
Gold 536         SH  0     Dex 15      Spells:  3 memorised,  5 levels left

rFire  . . .     SeeInvis .       - Unarmed
rCold  . . .     Clarity  .     I - +1 robe {MR+}
rNeg   . . .     rCorr    .     (shield restricted)
rPois  +         rRot     .     (helmet restricted)
rElec  .         Spirit   .     q - +0 cloak
SustAb .         Warding  .     (gloves unavailable)
rMut   .         Stasis   .     (boots unavailable)
Gourm  +                        u - amulet of faith
MR     +....                    v - +4 ring of evasion
                                y - ring of poison resistance

@: somewhat resistant to hostile enchantments, unstealthy
A: unfitting armour, claws 3, fast metabolism 3, gourmand, regeneration 2,
saprovore 2, shaggy fur 1, tough skin 2
a: Heroism, Finesse, Renounce Religion


You were on level 10 of the Dungeon.
You worshipped Okawaru.
Okawaru was extremely pleased with you.
You were not hungry.

You visited 2 branches of the dungeon, and saw 11 of its levels.
You also visited: Ossuary.

You collected 585 gold pieces.
You spent 49 gold pieces at shops.

Inventory:

Missiles
 d - 17 poisoned needles
 t - 7 steel javelins
 z - 7 javelins
 E - 3 large rocks (quivered)
 H - 6 poisoned javelins
Armour
 q - a +0 cloak (worn)
 I - a +1 robe of magic resistance (worn)
Comestibles
 b - 9 meat rations
 s - 3 bread rations
 D - 7 beef jerkies
 F - 4 slices of pizza
 G - a royal jelly
Scrolls
 h - a scroll of fog {unknown}
 i - 2 scrolls of immolation
 j - a scroll of remove curse
 n - 4 scrolls of teleportation
 o - 3 scrolls of recharging
 x - 2 scrolls of noise {unknown}
 A - 3 scrolls of enchant armour
Jewellery
 u - an amulet of faith (around neck)
 v - a +4 ring of evasion (right claw)
 y - a ring of poison resistance (left claw)
Potions
 c - a potion of flight {unknown}
 e - a potion of cancellation {unknown}
 f - 3 potions of resistance
 g - a potion of haste {unknown}
 k - a potion of mutation {unknown}
 l - 3 potions of curing
 m - 2 potions of restore abilities {unknown}
 p - 3 potions of agility
 r - a potion of berserk rage {unknown}
 w - 3 potions of poison {unknown}
 B - a potion of brilliance {unknown}
 C - a potion of beneficial mutation {unknown}


   Skills:
 + Level 2.6 Fighting
 - Level 10.2 Throwing
 * Level 3.0 Dodging
 - Level 1.1 Stealth
 + Level 12.7 Unarmed Combat


You had 5 spell levels left.
You knew the following spells:

 Your Spells              Type           Power        Failure   Level  Hunger
a - Apportation           Tloc           #.........   52%         1    ##.....
b - Summon Butterflies    Summ           #.......     52%         1    ##.....
c - Blink                 Tloc           N/A          77%         2    ###....


Dungeon Overview and Level Annotations

Branches:
Dungeon (10/15)            Temple (1/1) D:5            Lair (0/8) D:10
    Orc: D:9-12

Altars:
Ashenzari
Cheibriados
Dithmenos
Elyvilon
Fedhas
Gozag
Kikubaaqudgha
Makhleb
Nemelex Xobeh
Okawaru
Qazlal
Sif Muna
Trog
Vehumet
Xom
Yredelemnul
Zin
The Shining One
Lugonu

Shops:
D:6 }[


Innate Abilities, Weirdness & Mutations

You are too large for most types of armour.
You have claws for hands.
Your metabolism is lightning-fast.
You like to eat raw meat.
You heal very quickly.
You can eat rotten meat.
You are covered in fur (AC +1).
You have very tough skin (AC +2).


Message History

The shadow closely misses you.
You claw the shadow!
You destroy the shadow!
Okawaru accepts your kill.
Your Dodging skill increases to level 3!
You scratch the komodo dragon skeleton. You scratch the komodo dragon skeleton.
You claw the komodo dragon skeleton! The komodo dragon skeleton bites you!!
* * * LOW HITPOINT WARNING * * *
You are too injured to fight recklessly!
Drink which item? (? for menu, Esc to quit)
You feel better. The komodo dragon skeleton bites you!!
* * * LOW HITPOINT WARNING * * *
Drink which item? (? for menu, Esc to quit)
You feel better.
Read which item? (? for menu, Esc to quit)
Okay, then.
Drink which item? (? for menu, Esc to quit)
You feel better. The komodo dragon skeleton bites you!!
You die...

. ##......# # #. #.?....# # #.#
#......# # #.# #..##.## # #.# .
##.##.#
#.######..###########..#.#######
#.#..Z........Z#...............#
..#..........(ZZ...............#
....# #########@..............#
...## ########........# .).#
#........# .Z.# ##.......#
...###### #.......# ...%......
#...[...# ...###### #>......+
......# ##...>..# ...##.#
#......+


You could see a hippogriff zombie, a komodo dragon skeleton and a hippogriff
skeleton.

Vanquished Creatures
  Josephine (D:10)
  A centaur warrior (D:10)
  An unseen horror (D:10)
  The ghost of Conn321 the Caller, an experienced DDSu (Ossuary)
  A hydra skeleton (D:10)
  Prince Ribbit (D:8)
  A yak (D:10)
  A hippogriff (D:7)
  A shadow (D:10)
  A hill giant skeleton (D:10)
  Menkaure (D:9)
  2 orc warriors
  A water moccasin (D:9)
  A black bear (D:4)
  A sky beast (D:5)
  4 ogres
  An ice beast (D:8)
  3 boring beetles (D:10)
  2 centaurs
  Sigmund (D:2)
  Duvessa (D:7)
  Blork the orc (D:4)
  5 giant frogs
  3 water moccasin zombies (Ossuary)
  Dowan (D:7)
  9 crimson imps
  8 killer bees
  A quasit (D:7)
  2 centaur zombies (D:10)
  An elf zombie (D:8)
  A goliath beetle (D:6)
  4 hounds
  2 jellies
  A gnoll shaman (D:9)
  12 worker ants
  7 orc wizards
  2 orc priests
  4 big kobold zombies
  2 mummies (Ossuary)
  A steam dragon zombie (D:10)
  A worker ant zombie (D:9)
  7 gnolls
  5 adders
  A gnoll skeleton (D:10)
  A giant mite (D:8)
  3 worms
  5 adder zombies (Ossuary)
  2 giant geckos
  24 orcs
  17 bats
  4 giant cockroaches
  4 goblins
  11 hobgoblins
  11 jackals
  9 kobolds
  3 quokkas
  A ball python (D:1)
  2 giant newts
  A hobgoblin skeleton (D:5)
  3 hobgoblin zombies (Ossuary)
  A kobold skeleton (D:6)
  7 kobold zombies
  8 orc zombies (Ossuary)
  14 rats
240 creatures vanquished.

Notes
Turn   | Place    | Note
--------------------------------------------------------------
     0 | D:1      | Ololoev, the Troll Monk, began the quest for the Orb.
     0 | D:1      | Reached XP level 1. HP: 22/22 MP: 1/1
   139 | D:1      | Reached XP level 2. HP: 27/29 MP: 1/1
   737 | D:2      | Noticed Sigmund
   751 | D:2      | Killed Sigmund
   751 | D:2      | Reached skill level 5 in Unarmed Combat
   751 | D:2      | Reached XP level 3. HP: 9/36 MP: 2/2
   751 | D:2      | Reached XP level 4. HP: 11/44 MP: 2/2
   845 | D:2      | Found a shadowy altar of Dithmenos.
  1033 | D:2      | Reached skill level 6 in Unarmed Combat
  1260 | D:2      | Reached XP level 5. HP: 39/50 MP: 2/2
  2596 | D:4      | Reached skill level 1 in Throwing
  2657 | D:4      | Noticed an ogre
  2677 | D:4      | Reached skill level 7 in Unarmed Combat
  2805 | D:4      | Killed an ogre
  2805 | D:4      | Reached XP level 6. HP: 59/59 MP: 3/3
  3133 | D:4      | Noticed Blork the orc
  3187 | D:4      | Killed Blork the orc
  3484 | D:4      | Noticed a black bear
  3489 | D:4      | Killed a black bear
  3489 | D:4      | Reached XP level 7. HP: 61/66 MP: 3/3
  3842 | D:5      | Entered Level 5 of the Dungeon
  3933 | D:5      | Reached skill level 8 in Unarmed Combat
  3970 | D:5      | Found a radiant altar of Vehumet.
  4098 | D:5      | Found a staircase to the Ecumenical Temple.
  4105 | Temple   | Entered the Ecumenical Temple
  4167 | D:6      | Found Muas' Armour Emporium.
  4184 | D:6      | Bought a cursed +0 cloak for 49 gold pieces
  4240 | D:6      | Found a glowing silver altar of Zin.
  4241 | D:6      | Found an opulent altar of Gozag.
  4314 | D:6      | Found Konluf's Gadget Emporium.
  4432 | D:6      | Found a basalt altar of Yredelemnul.
  4432 | D:6      | Found an iron altar of Okawaru.
  4440 | D:6      | Became a worshipper of Warmaster Okawaru
  4440 | D:6      | Acquired Okawaru's first power
  4759 | D:6      | Reached XP level 8. HP: 74/74 MP: 3/3
  5181 | D:6      | Reached skill level 5 in Throwing
  5577 | D:7      | Got a shimmering whip
  5578 | D:7      | Identified the +9 whip of the Countless Wonders {slash, rElec Str+1} (You found it on level 7 of the Dungeon)
  5588 | D:7      | Reached skill level 9 in Unarmed Combat
  5613 | D:7      | Noticed Dowan
  5616 | D:7      | Noticed Duvessa
  5636 | D:7      | Killed Duvessa
  5640 | D:7      | Killed Dowan
  6192 | D:8      | Reached skill level 10 in Unarmed Combat
  6192 | D:8      | Reached XP level 9. HP: 77/80 MP: 4/4
  6206 | D:8      | Found a sand-covered staircase.
  6215 | Ossuary  | Entered an ossuary
  6219 | Ossuary  | Noticed Conn321's ghost (experienced DDSu)
  6226 | Ossuary  | Killed Conn321's ghost
  6597 | D:8      | Found a shimmering altar of Xom.
  6846 | D:8      | Learned a level 1 spell: Apportation
  6848 | D:8      | Learned a level 1 spell: Summon Butterflies
  6851 | D:8      | Learned a level 2 spell: Blink
  6934 | D:8      | Noticed Prince Ribbit
  6939 | D:8      | Killed Prince Ribbit
  6984 | D:8      | Received a gift from Okawaru
  6984 | D:8      | Reached skill level 11 in Unarmed Combat
  7438 | D:9      | Found a blossoming altar of Fedhas.
  7438 | D:9      | Found a snail-covered altar of Cheibriados.
  7438 | D:9      | Found a shattered altar of Ashenzari.
  7612 | D:9      | Reached XP level 10. HP: 73/88 MP: 4/4
  7761 | D:9      | Noticed Menkaure
  7766 | D:9      | Killed Menkaure
  7913 | D:9      | Acquired Okawaru's second power
  8280 | D:10     | Entered Level 10 of the Dungeon
  8287 | D:10     | Noticed a centaur warrior
  8340 | D:10     | Killed a centaur warrior
  8340 | D:10     | Received a gift from Okawaru
  8423 | D:10     | Found a staircase to the Lair.
  8537 | D:10     | Killed an unseen horror
  8537 | D:10     | Received a gift from Okawaru
  8537 | D:10     | Reached skill level 12 in Unarmed Combat
  8821 | D:10     | Received a gift from Okawaru
  8861 | D:10     | Noticed Josephine
  8879 | D:10     | Killed Josephine
  8879 | D:10     | Reached skill level 10 in Throwing
  8920 | D:10     | HP: 3/88 [komodo dragon skeleton (19)]
  8922 | D:10     | Mangled by a komodo dragon skeleton

Action                   |  1- 3 |  4- 6 |  7- 9 | 10-12 || total
-------------------------+-------+-------+-------+-------++-------
Melee: Unarmed           |    48 |   140 |   365 |   124 ||   677
Throw: Javelin           |       |    10 |    19 |    30 ||    59
       Tomahawk          |       |     4 |       |       ||     4
       Large rock        |       |       |       |     8 ||     8
Evoke: Wand              |       |     1 |    10 |       ||    11
  Use: Scroll            |       |       |    16 |     2 ||    18
       Potion            |       |       |     4 |     5 ||     9
 Stab: Sleeping          |       |     1 |     3 |     1 ||     5
       Distracted        |       |       |       |     1 ||     1
  Eat: Chunk             |     3 |    30 |    27 |    13 ||    73
       Beef jerky        |       |     1 |     1 |       ||     2
       Fruit             |       |       |     3 |       ||     3
       Royal jelly       |       |       |       |     1 ||     1
